Unix NetHack Version 5.0.0-0 post-release - last build May  3 2026 23:40:34 (9823c992c0763bbd039eca2974112f46eaf799b3,branch:main).

Game began 2026-05-04 08:50:27, ended 2026-05-04 09:23:54.

23881750910, lawful female human Valkyrie

                                                            ------------
                                                            |..........|
                                                   -----    |..........|
                           -   `################   |...|    |..........|
                          ..                   ####-....#   |..........|
                      . ...|                       |...|#   |..........+
                      .  . ----   --------    #####-...|#   ----|-------
                      --...vB#|   |..>...|#        -----#       #
                       | %.###|  #|.......#             #       #
                       |. .###-###|......|#             #      ##
                        -------  #.......|#             #     ##
                                 #--------######################
                                         ###### ########-----.-#
                                                       #|.....| #
                                                       #|.....|
                                                       #......|
                                                        |.....|
                                                        -------

23881750910 the Skirmisher  St:17 Dx:14 Co:17 In:9 Wi:8 Ch:10  Lawful
Dlvl:3  $:42 HP:0(38) Pw:8(8) AC:6  Xp:4 T:1413  Stun

Latest messages:
 The fog cloud wakes up!
 You hit the fog cloud!
 The fog cloud wakes up!
 You miss the fog cloud.
 The fog cloud engulfs you!
 You are laden with moisture and can barely breathe!
 You hit the fog cloud.
 You hit the fog cloud.
 You destroy the fog cloud!
 Welcome to experience level 4.
 There is a vapor cloud here.
 You see here a giant rat corpse.
 There is a vapor cloud here.
 You see here a giant rat corpse.
 The fog cloud engulfs you!
 You are laden with moisture and can barely breathe!
 You destroy the fog cloud!
 The bat bites!
 c - an uncursed +3 small shield (being worn).
 You miss the bat.
 The bat bites!
 The bat misses!
 You kill the bat!
 There is an open door here.
 You see here a bat corpse.
 There is a bat corpse here; eat it? [ynq] (n) y
 This bat corpse tastes terrible!
 You finish eating the bat corpse.
 The bat bites!
 The bat bites!
 The bat bites!
 The bat bites!
 The bat bites!
 What do you want to eat? [d or ?*] d
 This food really hits the spot!
 The bat bites!
 You stop eating the food ration.
 The bat bites!
 You miss the fog cloud.
 The bat bites!
 The bat bites!
 The bat misses!
 The bat bites!
 The bat bites!
 You die...
 Do you want your possessions identified? [ynq] (y) n
 Do you want to see your attributes? [ynq] (y) n
 Do you want an account of creatures vanquished? [ynaq] (y) n
 Do you want to see your conduct and achievements? [ynq] (y) n
 Do you want to see the dungeon overview? [ynq] (y) n

Inventory:
 Coins    ('$')
  $ - 42 gold pieces
 Weapons  (')')
  o - a +0 bow
  b - a +0 dagger (alternate weapon; not wielded)
  i - a +0 orcish dagger
  a - a +1 spear (weapon in right hand)
 Armor    ('[')
  j - a cursed -1 orcish helm
  h - a blessed +0 pair of gauntlets of dexterity
  e - an uncursed +0 shield of drain resistance
  c - an uncursed +3 small shield (being worn)
  l - an uncursed +0 banded mail
 Comestibles  ('%')
  d - an uncursed food ration
  q - an uncursed partly eaten food ration
 Potions  ('!')
  g - an uncursed potion of gain ability
  n - a cursed potion of levitation
  p - an uncursed potion of water

23881750910 the Valkyrie's attributes:

Background:
 You were a Skirmisher, a level 4 human Valkyrie.
 You were lawful, nominally on a mission for Tyr
 who was opposed by Odin (neutral) and Loki (chaotic).
 You were right-handed.
 You were in the Dungeons of Doom, on level 3.
 You entered the dungeon 1413 turns ago.
 There was a full moon in effect when your adventure ended.
 You had 124 experience points, 36 more were needed to attain level 5.

Basics:
 You had 0 out of 38 hit points.
 You had all 8 energy points (spell power).
 Your armor class was 6.
 Your wallet contained 42 zorkmids.
 Autopickup was off.

Final Characteristics:
 Your strength was 17 (limit:18/100).
 Your dexterity was 14 (limit:18).
 Your constitution was 17 (limit:18).
 Your intelligence was 9 (limit:18).
 Your wisdom was 8 (limit:18).
 Your charisma was 10 (limit:18).

Final Status:
 You were stunned.
 You weren't hungry.
 You were unencumbered.
 You were wielding a spear.
 You had basic skill with spear.

Final Attributes:
 You were devoutly aligned.
 You were cold resistant.
 You were stealthy.
 You were lucky.
 You are dead.

Miscellaneous:
 You didn't encounter any bones levels.
 Total elapsed playing time was 33 minutes and 25 seconds.

Major events:
 Turn
    1: 23881750910 the lawful human Valkyrie entered the dungeon
  701: attained the rank of Skirmisher (level 3)
 1413: killed by a bat

You didn't know any spells.

Skills:
 Fighting Skills
   bare handed combat [Unskilled]
   two weapon combat  [Unskilled]
   riding             [Unskilled]
 Weapon Skills
   dagger             [Basic]
   axe                [Unskilled]
   pick-axe           [Unskilled]
   short sword        [Unskilled]
   broadsword         [Unskilled]
   long sword         [Unskilled]
   two-handed sword   [Unskilled]
   saber              [Unskilled]
   hammer             [Unskilled]
   quarterstaff       [Unskilled]
   polearms           [Unskilled]
   spear              [Basic]
   trident            [Unskilled]
   lance              [Unskilled]
   sling              [Unskilled]
 Spellcasting Skills
   attack spells      [Unskilled]
   escape spells      [Unskilled]

Voluntary challenges:
 Character rerolling was not enabled.
 You were an atheist.
 You were illiterate.
 You never genocided any monsters.
 You never polymorphed an object.
 You never changed form.
 You used no wishes.
Achievements:
 You attained the rank of Skirmisher.
 You entered a shop.

 The Dungeons of Doom: levels 1 to 3
    Level 1:
       An altar, a fountain.
    Level 2:
       A general store.
    Level 3: <- You were here.
       Final resting place for
          you, killed by a bat.


Vanquished creatures:
  2 fog clouds
  a kitten
  3 manes
  a giant rat
  a green mold
  2 geckos
  3 jackals
  a fox
  2 kobolds
  5 goblins
  4 grid bugs
  a bat
  4 lichens
  4 newts
34 creatures vanquished.

No species were genocided or became extinct.

Game over:
                       ----------
                      /          \
                     /    REST    \
                    /      IN      \
                   /     PEACE      \
                  /                  \
                  |   23881750910    |
                  |      42 Au       |
                  | killed by a bat  |
                  |                  |
                  |                  |
                  |                  |
                  |       2026       |
                 *|     *  *  *      | *
        _________)/\\_//(\/(/\)/\//\/|_)_______

Farvel 23881750910 the Valkyrie...

You died in The Dungeons of Doom on dungeon level 3 with 634 points,
and 42 pieces of gold, after 1413 moves.
You were level 4 with a maximum of 38 hit points when you died.

